 Dungeon Crawl Stone Soup version 0.21.1-1-g345015f (webtiles) character file.

32 theblackcape the Ducker (level 3, -2/17 HPs)
             Began as a Felid Monk on June 4, 2018.
             Slain by an orc wizard
             ... wielding a +0 dagger
              (4 damage)
             ... on level 2 of the Dungeon.
             The game lasted 00:04:50 (1680 turns).

theblackcape the Ducker (Felid Monk)                Turns: 1680, Time: 00:04:51

Health: -2/17      AC:  1    Str:  7    XL:     3   Next: 8%
Magic:  4/4        EV: 20    Int: 11    God:
Gold:   66         SH:  0    Dex: 19    Spells: 2/2 levels left
                                        Lives:  0   Deaths: 0

rFire    . . .     SeeInvis +     - Unarmed
rCold    . . .     Gourm    .   (shield unavailable)
rNeg     . . .     Faith    .   (armour unavailable)
rPois    .         Spirit   .   (helmet unavailable)
rElec    .         Reflect  .   (cloak unavailable)
rCorr    .         Harm     .   (gloves unavailable)
MR       .....                  (boots unavailable)
Stlth    +++.......             g - amulet of inaccuracy (curse)
HPRegen  0.05/turn              (no ring)
MPRegen  0.09/turn              (no ring)

@: quick
A: very small, no armour, no weapons or thrown items, stealth, claws 1, fangs 3,
see invisible, carnivore, speed 1, shaggy fur 1, slow metabolism 1, sharp paws
a: no special abilities


You were on level 2 of the Dungeon.
You were full.

You visited 1 branch of the dungeon, and saw 2 of its levels.

You collected 66 gold pieces.

Inventory:

Jewellery
 g - a cursed amulet of inaccuracy (around neck)
Scrolls
 c - a scroll of enchant armour
 h - a scroll of identify {unknown}
 j - a scroll of noise {unknown}
Potions
 b - a potion of agility {unknown}
 d - a potion of curing {unknown}
 e - 2 potions of haste {unknown}
 f - 2 potions of heal wounds {unknown}
 i - a potion of lignification {unknown}
Comestibles
 a - 3 rations


   Skills:
 + Level 3.2 Fighting
 + Level 4.5 Dodging
 * Level 3.2 Stealth
 + Level 3.4 Unarmed Combat


You had 2 spell levels left.
You didn't know any spells.

Dungeon Overview and Level Annotations

Branches:
Dungeon (2/15)

Altars:
Ru


Innate Abilities, Weirdness & Mutations

You cannot wear armour.
You are incapable of wielding weapons or throwing items.
Your paws allow you to move quietly. (Stealth)
You have sharp claws.
You have razor-sharp teeth.
You have supernaturally acute eyesight. (SInv)
You are carnivorous and can eat meat at any time.
You cover ground quickly.
You are covered in fur. (AC +1)
You have a slow metabolism.
Your sharp claws are effective at attacking unaware monsters.


Message History

You open the door. The jackal bites you.
* * * LOW HITPOINT WARNING * * *
You claw the orc wizard!
The orc wizard is almost dead.
The orc wizard barely misses you. The goblin completely misses you.
The jackal misses you.
You miss the orc wizard.
The orc wizard is almost dead.
The orc wizard hits you but does no damage.
The goblin hits you with a club.
* * * LOW HITPOINT WARNING * * *
The jackal barely misses you.
You scratch the orc wizard but do no damage.
The orc wizard is almost dead.
The orc wizard misses you. The goblin barely misses you.
The jackal barely misses you.
You miss the orc wizard.
The orc wizard is almost dead.
The orc wizard hits you with a dagger.
You die...

#.'#######'.#
....##.#...#...#.#
....##o#...#...#.#
....##.#.......###
....##g###._.###
<......#.......###
..####.#...#...#.#
..## #.#...#...#.#
...# #.'#######o@#
.#.###.........hg#
.#...#.#####.....#
.###...# #######
.......# ##.###.#
...# #.# ..####.#
.......#


You could see an orc wizard (mute), a jackal and a goblin.

Vanquished Creatures
  A dart slug (D:1)
  3 bats (D:1)
  A giant cockroach (D:2)
  3 goblins (D:1)
  5 hobgoblins (D:1)
  4 jackals (D:1)
  2 frilled lizards (D:1)
  4 kobolds
  3 rats (D:1)
26 creatures vanquished.

Notes
Turn   | Place    | Note
-------+----------+-------------------------------------------
     0 | D:1      | theblackcape the Felid Monk began the quest for the Orb.
     0 | D:1      | Reached XP level 1. HP: 10/10 MP: 2/2
   512 | D:1      | Reached XP level 2. HP: 14/14 MP: 3/3
  1460 | D:1      | Reached XP level 3. HP: 17/17 MP: 4/4
  1581 | D:2      | Found a sacrificial altar of Ru.
  1680 | D:2      | Slain by an orc wizard

Skill      XL: |  1  2 |
---------------+-------+-----
Stealth        | 3 |  3.2
Fighting       | |  3.2
Dodging        | |  4.5
Unarmed Combat | |  3.4

Action                   || total
-------------------------++-------
Melee: Unarmed           ||    92
       Bite              ||     9
  Use: Scroll            ||     2
 Stab: Sleeping          ||     3
       Invisible         ||     1
  Eat: Chunk             ||     6
Armor: Skin              ||     1
Dodge: Dodged            ||    69
